TOP OF THE 1ST |
Connecticut Tigers batting - Pitching for Hudson Valley Renegades : LHP Julian Roe
|
Pitching: LHP Julian Roe
|
|
Batting: RHB Yankel Pensak
|
0-0: Ball 1-0: Foul Ball, location: 2F 1-1: Ball 2-1: Swinging Strike 2-2: Strikes out swinging
|
Batting: LHB Antonio Luis
|
0-0: Foul Ball, location: 2F 0-1: Ground out 6-3 (Groundball, 4M, EV 83.1 MPH)
|
Batting: RHB Jaden Warrior
|
0-0: Called Strike 0-1: Ball 1-1: SINGLE (Groundball, 34D, EV 95.0 MPH)
|
Batting: RHB Zack DiCicco
|
0-0: Ball Wild Pitch! Jaden Warrior to second 1-0: Ball 2-0: Swinging Strike 2-1: Called Strike 2-2: Strikes out swinging
|
Top of the 1st over - 0 runs, 1 hit, 0 errors, 1 left on base; Connecticut 0 - Hudson Valley 0 |
BOTTOM OF THE 1ST |
Hudson Valley Renegades batting - Pitching for Connecticut Tigers : RHP Alan Grossfeld
|
Pitching: RHP Alan Grossfeld
|
|
Batting: LHB Dan Hunt
|
0-0: Ball 1-0: Called Strike 1-1: Ground out 6-3 (Groundball, 56, EV 81.9 MPH)
|
Batting: SHB Josif Popovski
|
0-0: Ball 1-0: Called Strike 1-1: Ground out 5-3 (Groundball, 5L, EV 95.0 MPH)
|
Batting: LHB Jonathan Spino
|
0-0: Foul Ball, location: 2F 0-1: Ground out U3 (Groundball, 3, EV 80.0 MPH)
|
Bottom of the 1st over - 0 runs, 0 hits, 0 errors, 0 left on base; Connecticut 0 - Hudson Valley 0 |
TOP OF THE 2ND |
Connecticut Tigers batting - Pitching for Hudson Valley Renegades : LHP Julian Roe
|
Batting: LHB Afanasy Zasekin
|
0-0: DOUBLE (Line Drive, 89XD, EV 107.5 MPH)
|
Batting: RHB Jordan Hall
|
0-0: Ground out 4-3 (Groundball, 4, EV 96.9 MPH) Afanasy Zasekin to third
|
Batting: RHB Kaleb Yerger
|
0-0: Ball 1-0: Foul Ball, location: 2F 1-1: Ball 2-1: Called Strike 2-2: Ground out 1-3 (Groundball, 34S, EV 67.5 MPH)
|
Batting: RHB Jonathan Ridgely
|
0-0: Ball 1-0: Foul Ball, location: 2F 1-1: Foul Ball, location: 2F 1-2: Ball 2-2: Strikes out looking
|
Top of the 2nd over - 0 runs, 1 hit, 0 errors, 1 left on base; Connecticut 0 - Hudson Valley 0 |
BOTTOM OF THE 2ND |
Hudson Valley Renegades batting - Pitching for Connecticut Tigers : RHP Alan Grossfeld
|
Batting: LHB Rocky Crowley
|
0-0: Swinging Strike 0-1: Called Strike 0-2: Foul Ball, location: 2F 0-2: Ball 1-2: Ball 2-2: DOUBLE (Line Drive, 9LM, EV 109.4 MPH)
|
Batting: RHB Alex Koral
|
0-0: Called Strike 0-1: Ball 1-1: DOUBLE (Flyball, 78XD, EV 95.0 MPH) Rocky Crowley scores
|
Batting: SHB Joshua Jackson
|
0-0: Foul Ball, location: 2F 0-1: Ball 1-1: Ball 2-1: Ball 3-1: Base on Balls
|
Batting: LHB Helmut Steggall
|
0-0: Called Strike 0-1: Swinging Strike 0-2: Strikes out swinging
|
Batting: RHB Joe Hartigan
|
0-0: Ball Wild Pitch! Alex Koral to third Joshua Jackson to second 1-0: Foul Ball, location: 2F 1-1: Ball 2-1: Fly out, F8 (Flyball, 89D, EV 86.9 MPH) Runner from 3rd tags up, OUT at HOME! 8-2
|
Bottom of the 2nd over - 1 run, 2 hits, 0 errors, 1 left on base; Connecticut 0 - Hudson Valley 1 |
TOP OF THE 3RD |
Connecticut Tigers batting - Pitching for Hudson Valley Renegades : LHP Julian Roe
|
Batting: SHB Ian Arlotta
|
0-0: Ground out 4-3 (Groundball, 4, EV 88.1 MPH)
|
Batting: RHB Yankel Pensak
|
0-0: Ball 1-0: Ball 2-0: Ball 3-0: Called Strike 3-1: Ground out 5-3 (Groundball, 5S, EV 69.4 MPH)
|
Batting: LHB Antonio Luis
|
0-0: Called Strike 0-1: Called Strike 0-2: Ball 1-2: DOUBLE (Line Drive, 89XD, EV 109.4 MPH)
|
Batting: RHB Jaden Warrior
|
0-0: Ball 1-0: SINGLE (Groundball, 6MD, EV 102.5 MPH) Antonio Luis to third Runner from 3rd tries for Home, SAFE, throw by CF to home
|
Batting: RHB Zack DiCicco
|
0-0: Called Strike Pickoff Throw to First - Out! 1-3 CS
|
Top of the 3rd over - 1 run, 2 hits, 0 errors, 0 left on base; Connecticut 1 - Hudson Valley 1 |
BOTTOM OF THE 3RD |
Hudson Valley Renegades batting - Pitching for Connecticut Tigers : RHP Alan Grossfeld
|
Batting: RHB Evan Chalarian
|
0-0: Ball 1-0: Hit by Pitch
|
Batting: LHB Dan Hunt
|
0-0: Ball 1-0: Fielders Choice at 2nd, 5-4 (Groundball, 5, EV 105.6 MPH)
|
Batting: SHB Josif Popovski
|
0-0: Ball Dan Hunt steals 2nd base 1-0: Ball 2-0: Ground out 5-3 (Groundball, 56, EV 105.6 MPH)
|
Batting: LHB Jonathan Spino
|
0-0: Called Strike 0-1: Ground out 6-3 (Groundball, 6, EV 78.1 MPH)
|
Bottom of the 3rd over - 0 runs, 0 hits, 0 errors, 1 left on base; Connecticut 1 - Hudson Valley 1 |
TOP OF THE 4TH |
Connecticut Tigers batting - Pitching for Hudson Valley Renegades : LHP Julian Roe
|
Batting: RHB Zack DiCicco
|
0-0: Ball 1-0: Foul Ball, location: 2F 1-1: Called Strike 1-2: Strikes out swinging
|
Batting: LHB Afanasy Zasekin
|
0-0: Ball 1-0: Ball 2-0: Foul Ball, location: 2F 2-1: Foul Ball, location: 2F 2-2: Foul Ball, location: 2F 2-2: Strikes out swinging
|
Batting: RHB Jordan Hall
|
0-0: Fly out, F7 (Line Drive, 78M, EV 98.1 MPH)
|
Top of the 4th over - 0 runs, 0 hits, 0 errors, 0 left on base; Connecticut 1 - Hudson Valley 1 |
BOTTOM OF THE 4TH |
Hudson Valley Renegades batting - Pitching for Connecticut Tigers : RHP Alan Grossfeld
|
Batting: LHB Rocky Crowley
|
0-0: Called Strike 0-1: Ball 1-1: Swinging Strike 1-2: Ball 2-2: Foul Ball, location: 2F 2-2: Foul Ball, location: 2F 2-2: Strikes out swinging
|
Batting: RHB Alex Koral
|
0-0: Called Strike 0-1: Swinging Strike 0-2: Ball 1-2: Ball 2-2: Ball 3-2: Base on Balls
|
Batting: SHB Joshua Jackson
|
0-0: Called Strike Alex Koral steals 2nd base 0-1: Ball 1-1: Fly out, F9 (Flyball, 9D, EV 102.5 MPH) Runner from 2nd tags up, SAFE at 3rd, no throw by RF
|
Batting: LHB Helmut Steggall
|
0-0: Called Strike 0-1: Ground out 1-3 (Groundball, 13S, EV 70.0 MPH)
|
Bottom of the 4th over - 0 runs, 0 hits, 0 errors, 1 left on base; Connecticut 1 - Hudson Valley 1 |
TOP OF THE 5TH |
Connecticut Tigers batting - Pitching for Hudson Valley Renegades : LHP Julian Roe
|
Batting: RHB Kaleb Yerger
|
0-0: Called Strike 0-1: Fly out, F4 (Popup, 3DF, EV 51.2 MPH)
|
Batting: RHB Jonathan Ridgely
|
0-0: Ground out 6-3 (Groundball, 6, EV 88.1 MPH)
|
Batting: SHB Ian Arlotta
|
0-0: Called Strike 0-1: Ball 1-1: Foul Ball, location: 2F 1-2: Foul Ball, location: 2F 1-2: Ball 2-2: Ball 3-2: Foul Ball, location: 2F 3-2: Ground out 6-3 (Groundball, 6M, EV 79.4 MPH)
|
Top of the 5th over - 0 runs, 0 hits, 0 errors, 0 left on base; Connecticut 1 - Hudson Valley 1 |
BOTTOM OF THE 5TH |
Hudson Valley Renegades batting - Pitching for Connecticut Tigers : RHP Alan Grossfeld
|
Batting: RHB Joe Hartigan
|
0-0: Ball 1-0: Fly out, F9 (Flyball, 9LS, EV 93.8 MPH)
|
Batting: RHB Evan Chalarian
|
0-0: Called Strike 0-1: Ball 1-1: Ball 2-1: Foul Ball, location: 2F 2-2: Foul Ball, location: 2F 2-2: Ground out 5-3 (Groundball, 56, EV 86.2 MPH)
|
Batting: LHB Dan Hunt
|
0-0: Fly out, F8 (Flyball, 8LD, EV 72.5 MPH)
|
Bottom of the 5th over - 0 runs, 0 hits, 0 errors, 0 left on base; Connecticut 1 - Hudson Valley 1 |
TOP OF THE 6TH |
Connecticut Tigers batting - Pitching for Hudson Valley Renegades : LHP Julian Roe
|
Batting: RHB Yankel Pensak
|
0-0: Called Strike 0-1: Ball 1-1: Ball 2-1: Swinging Strike 2-2: Ball 3-2: Foul Ball, location: 2F 3-2: Ground out 6-3 (Groundball, 6, EV 104.4 MPH)
|
Batting: LHB Antonio Luis
|
0-0: Ball 1-0: Ground out 6-3 (Groundball, 4MD, EV 93.1 MPH)
|
Batting: RHB Jaden Warrior
|
0-0: Ball 1-0: Ball 2-0: Hit by Pitch
|
Batting: RHB Zack DiCicco
|
0-0: Fly out, F4 (Popup, 4S, EV 69.4 MPH)
|
Top of the 6th over - 0 runs, 0 hits, 0 errors, 1 left on base; Connecticut 1 - Hudson Valley 1 |
BOTTOM OF THE 6TH |
Hudson Valley Renegades batting - Pitching for Connecticut Tigers : RHP Alan Grossfeld
|
Batting: SHB Josif Popovski
|
0-0: Ball 1-0: Foul Ball, location: 2F 1-1: Bunted foul 1-2: Ball 2-2: Strikes out looking
|
Batting: LHB Jonathan Spino
|
0-0: Foul Ball, location: 2F 0-1: Ball 1-1: Ground out 6-3 (Groundball, 4M, EV 101.9 MPH)
|
Batting: LHB Rocky Crowley
|
0-0: Foul Ball, location: 2F 0-1: Foul Ball, location: 2F 0-2: Ball 1-2: Foul Ball, location: 2F 1-2: Ground out U3 (Groundball, 3, EV 80.6 MPH)
|
Bottom of the 6th over - 0 runs, 0 hits, 0 errors, 0 left on base; Connecticut 1 - Hudson Valley 1 |
TOP OF THE 7TH |
Connecticut Tigers batting - Pitching for Hudson Valley Renegades : LHP Julian Roe
|
Batting: LHB Afanasy Zasekin
|
0-0: Foul Ball, location: 2F 0-1: Ball 1-1: Ball 2-1: SINGLE (Flyball, 56D, EV 91.2 MPH)
|
Batting: RHB Jordan Hall
|
0-0: Called Strike 0-1: Hit by Pitch Afanasy Zasekin to second
|
Pitching: RHP Alex Aguilar
|
|
Batting: RHB Kaleb Yerger
|
0-0: Called Strike 0-1: Foul Ball, location: 2F 0-2: Ball 1-2: Foul Ball, location: 2F 1-2: Strikes out looking
|
Batting: RHB Jonathan Ridgely
|
0-0: Foul Ball, location: 2F 0-1: Ball 1-1: Swinging Strike 1-2: Ball 2-2: Foul Ball, location: 2F 2-2: Ball 3-2: Grounds into double play, 6-4-3 (Groundball, 6, EV 83.1 MPH)
|
Top of the 7th over - 0 runs, 1 hit, 0 errors, 1 left on base; Connecticut 1 - Hudson Valley 1 |
BOTTOM OF THE 7TH |
Hudson Valley Renegades batting - Pitching for Connecticut Tigers : RHP Alan Grossfeld
|
Batting: RHB Alex Koral
|
0-0: Ball 1-0: Swinging Strike 1-1: Swinging Strike 1-2: Foul Ball, location: 2F 1-2: Foul Ball, location: 2F 1-2: Strikes out looking
|
Batting: SHB Joshua Jackson
|
0-0: Called Strike 0-1: Ground out 6-3 (Groundball, 6, EV 104.4 MPH)
|
Batting: LHB Helmut Steggall
|
0-0: Called Strike 0-1: Ground out 6-3 (Groundball, 6, EV 104.4 MPH)
|
Bottom of the 7th over - 0 runs, 0 hits, 0 errors, 0 left on base; Connecticut 1 - Hudson Valley 1 |
TOP OF THE 8TH |
Connecticut Tigers batting - Pitching for Hudson Valley Renegades : RHP Alex Aguilar
|
Batting: SHB Ian Arlotta
|
0-0: Ground out 4-3 (Groundball, 4, EV 88.1 MPH)
|
Batting: RHB Yankel Pensak
|
0-0: Called Strike 0-1: Called Strike 0-2: Foul Ball, location: 2F 0-2: Strikes out swinging
|
Batting: LHB Antonio Luis
|
0-0: Reached on error, E3 (Groundball, 34, EV 84.4 MPH)
|
Batting: RHB Jaden Warrior
|
0-0: Called Strike 0-1: Fielders Choice at 2nd, 6-4 (Groundball, 6, EV 105.6 MPH)
|
Top of the 8th over - 0 runs, 0 hits, 1 error, 1 left on base; Connecticut 1 - Hudson Valley 1 |
BOTTOM OF THE 8TH |
Hudson Valley Renegades batting - Pitching for Connecticut Tigers : RHP Alan Grossfeld
|
Pitching: LHP Victor Villarreal
|
|
Batting: RHB Joe Hartigan
|
0-0: Ball 1-0: Ball 2-0: Called Strike 2-1: Ball 3-1: Foul Ball, location: 2F 3-2: SINGLE (Groundball, 4MD, EV 94.4 MPH)
|
Batting: RHB Evan Chalarian
|
0-0: Ball 1-0: Ball 2-0: Ball 3-0: Called Strike 3-1: Base on Balls Joe Hartigan to second
|
Pinch Hitting: RHB Jesus Carrillo
|
0-0: Ball 1-0: Called Strike 1-1: Ball 2-1: Reaches on Catchers interference Joe Hartigan to third Evan Chalarian to second
|
Batting: SHB Josif Popovski
|
0-0: Foul Ball, location: 2F 0-1: Ball 1-1: Called Strike 1-2: Ball 2-2: Grounds into double play, 5-4-3 (Groundball, 56, EV 81.2 MPH) Joe Hartigan scores Evan Chalarian to third
|
Batting: LHB Jonathan Spino
|
0-0: Foul Ball, location: 2F 0-1: Ball 1-1: Swinging Strike 1-2: Ball 2-2: Strikes out swinging
|
Bottom of the 8th over - 1 run, 1 hit, 1 error, 1 left on base; Connecticut 1 - Hudson Valley 2 |
TOP OF THE 9TH |
Connecticut Tigers batting - Pitching for Hudson Valley Renegades : RHP Alex Aguilar
|
Pitching: LHP Matt Bayer
|
|
Now in LF: Rocky Crowley
|
|
Now in CF: Jonathan Spino
|
|
Now in RF: Chris Lockart
|
|
Batting: RHB Zack DiCicco
|
0-0: Called Strike 0-1: Ball 1-1: Foul Ball, location: 2F 1-2: Foul Ball, location: 2F 1-2: Foul Ball, location: 2F 1-2: Strikes out swinging
|
Batting: LHB Afanasy Zasekin
|
0-0: SINGLE (Groundball, 4MD, EV 100.0 MPH)
|
Batting: RHB Jordan Hall
|
0-0: Foul Ball, location: 2F 0-1: SINGLE (Line Drive, 89M, EV 85.6 MPH) Afanasy Zasekin to second Runner from 2nd tries for 3rd, SAFE, throw by CF made to third
|
Batting: RHB Kaleb Yerger
|
0-0: Ball 1-0: Ball 2-0: Ball 3-0: Called Strike 3-1: Base on Balls Jordan Hall to second
|
Batting: RHB Jonathan Ridgely
|
0-0: Ball 1-0: Ball 2-0: Called Strike 2-1: Foul Ball, location: 2F 2-2: Grounds into fielders choice 6-2 (Groundball, 6, EV 110.6 MPH) Jordan Hall to third Kaleb Yerger to second
|
Pinch Hitting: RHB Jeremiah Washington
|
0-0: Called Strike 0-1: Foul Ball, location: 2F 0-2: Strikes out swinging
|
Top of the 9th over - 0 runs, 2 hits, 0 errors, 3 left on base; Connecticut 1 - Hudson Valley 2 |
|